 Dungeon Crawl Stone Soup version 0.19.5 (webtiles) character file.

2070 tidbits the Fighter (level 9, -1/67 HPs)
             Began as a High Elf Wanderer on Nov 17, 2017.
             Was a Follower of Cheibriados.
             Slain by an orc warrior
             ... wielding a +0 morningstar
              (15 damage)
             ... on level 6 of the Dungeon.
             The game lasted 00:30:09 (3313 turns).

tidbits the Fighter (High Elf Wanderer)             Turns: 3313, Time: 00:30:10

Health: -1/67      AC:  2    Str: 15    XL:     9   Next: 5%
Magic:  13/22      EV: 16    Int: 22    God:    Cheibriados [*.....]
Gold:   287        SH:  0    Dex: 15    Spells: 1 memorised, 9 levels left

rFire  + . .     SeeInvis .     a - +1 long sword
rCold  . . .     Gourm    .     b - +0 ring mail
rNeg   . . .     Faith    .     (no shield)
rPois  .         Spirit   .     (no helmet)
rElec  .         Reflect  .     (no cloak)
rCorr  .         Harm     .     (no gloves)
MR     .....                    (no boots)
Stlth  +.........               (no amulet)
                                F - ring of protection from fire
                                f - ring of magical power

@: corroded, very slightly contaminated, very slow
A: no striking features
a: Bend Time, Renounce Religion


You were on level 6 of the Dungeon.
You worshipped Cheibriados.
Cheibriados was aware of your devotion.
You were hungry.

You visited 1 branch of the dungeon, and saw 7 of its levels.

You collected 287 gold pieces.

Inventory:

Hand Weapons
 a - a +1 long sword (weapon)
   (You found it on level 4 of the Dungeon)
 c - a +0 scythe
   (You took it off Sigmund on level 5 of the Dungeon)
 i - a +0 whip of flaming
   (You took it off Pikel on level 4 of the Dungeon)
 s - a +2 dagger of protection
   (You found it on level 2 of the Dungeon)
 B - a +2 spear
 G - a +0 shortbow
   (You took it off a centaur on level 5 of the Dungeon)
 I - a +1 war axe of freezing
   (You found it on level 5 of the Dungeon)
Missiles
 j - 139 arrows
 n - 47 sling bullets
 v - 3 bolts
 z - 36 stones (quivered)
 D - 3 throwing nets {!f}
Armour
 b - a +0 ring mail (worn)
Jewellery
 f - a ring of magical power (left hand)
   (You found it on level 2 of the Dungeon)
 A - an uncursed ring of magical power
   (You found it on level 5 of the Dungeon)
 F - a ring of protection from fire (right hand)
   (You took it off a centaur on level 5 of the Dungeon)
Wands
 w - a wand of flame (0/48)
   (You took it off a goblin on level 3 of the Dungeon)
Scrolls
 k - a scroll of enchant weapon
 l - 3 scrolls of remove curse
 m - a scroll of random uselessness {unknown}
 r - 2 scrolls of holy word {unknown}
 t - 2 scrolls of fear {unknown}
 y - a scroll of teleportation {unknown}
 E - a scroll of amnesia {unknown}
 J - a scroll of magic mapping {unknown}
 K - a scroll of recharging {unknown}
Potions
 e - a potion of heal wounds
 g - a potion of berserk rage
 h - 4 potions of curing
 o - a potion of resistance
 C - a potion of flight {unknown}
 H - a potion of haste {unknown}
Books
 q - a book of Misfortune
   (You found it on level 3 of the Dungeon)

   Spells                             Type                      Level
   a - Confusing Touch                Hexes                        1
   b - Confuse                        Hexes                        3
   c - Gell's Gravitas                Hexes/Translocation          3
   d - Petrify                        Transmutation/Earth          4
   e - Metabolic Englaciation         Hexes/Ice                    5
   f - Yara's Violent Unravelling     Hexes/Transmutation          5
Comestibles
 d - 4 bread rations
 p - a chunk of flesh
 u - 3 meat rations


   Skills:
 - Level 8.8 Fighting
 + Level 6.9 Long Blades
 - Level 1.0 Throwing
 - Level 4.5 Armour
 - Level 8.4 Dodging
 - Level 1.1 Stealth
 - Level 2.3 Spellcasting
 - Level 3.3 Hexes
 - Level 4.2 Invocations


You had 9 spell levels left.
You knew the following spells:

 Your Spells              Type           Power        Failure   Level  Hunger
c - Confuse               Hex            ###.....     21%         3    ###....


Dungeon Overview and Level Annotations

Branches:
Dungeon (7/15)             Temple (0/1) D:5

Altars:
Cheibriados
Dithmenos
Gozag
Makhleb
Sif Muna
Vehumet
Xom
Yredelemnul

Annotations:
D:3 tidbits's ghost, amateur HESk


Message History

A hound zombie comes into view.
You barely miss the hound zombie.
The hound zombie bites you but does no damage.
You closely miss the hound zombie.
The hound zombie bites you but does no damage. x2
You slash the hound zombie!
The hound zombie is heavily damaged.
The hound zombie misses you.
You riposte.
You slash the hound zombie!
The hound zombie is almost destroyed.
You closely miss the hound zombie.
The hound zombie is almost destroyed.
The hound zombie barely misses you. The hound zombie misses you.
You closely miss the hound zombie.
The hound zombie is almost destroyed.
The hound zombie bites you but does no damage.
You hit the hound zombie.
The hound zombie is almost destroyed.
The hound zombie misses you.
You riposte.
You hit the hound zombie.
You destroy the hound zombie!
Cheibriados thoroughly appreciates the change of pace.
There is a stone staircase leading up here.
You see here 21 sling bullets.
n - 47 sling bullets (gained 21)
There is a stone staircase leading up here.
You climb upwards.
Found 13 gold pieces.
There is a stone staircase leading down here.
As you open the door, it creaks loudly!
There is an open door here.
You see here 13 gold pieces.
You now have 287 gold pieces (gained 13).
You open the door.
There is an open door here.
You open the door.
There is an open door here.
The iguana hisses angrily.
There is an open door here.
You slash the iguana!
The iguana is heavily wounded.
The iguana misses you.
You riposte.
You hit the iguana.
The iguana is heavily wounded.
You slash the iguana!
You kill the iguana!
Cheibriados appreciates the change of pace.
A jelly comes into view.
The jelly quivers.
The jelly jiggles.
Throwing (i - inventory. (,) - cycle):
x - 2 javelins (quivered)
Press: ? - help, Shift-Dir - straight line, f - jelly
Aim: a jelly You throw a javelin.
The javelin hits the jelly!
The jelly is heavily wounded.
Throwing (i - inventory. (,) - cycle):
x - a javelin (quivered)
Press: ? - help, Shift-Dir - straight line, f/p - jelly
Aim: a jelly (heavily wounded)
You throw a javelin.
The javelin hits the jelly but does no damage.
The jelly is heavily wounded.
Throwing (i - inventory. (,) - cycle):
z - 37 stones (quivered)
Press: ? - help, Shift-Dir - straight line, f/p - jelly
Aim: a jelly (heavily wounded)
You throw a stone.
The stone hits the jelly but does no damage.
The jelly is heavily wounded.
You hit the jelly.
Your hands burn!
The jelly is heavily wounded.
The jelly closely misses you.
You hit the jelly. The acid corrodes you!
Your hands burn!
The jelly is severely wounded.
The jelly hits you.
You are splashed with acid!
The acid burns!
* * * LOW HITPOINT WARNING * * *
Okay, then.
Casting: Confuse
Confirm with . or Enter, or press ? or * to list all spells.
Aiming: Confuse
Press: ? - help, Shift-Dir - straight line, f/p - jelly
Aim: a jelly (severely wounded, chance to defeat MR: 56%)
You miscast Confuse.
You are very lightly contaminated with residual magic.
Multicoloured lights dance before your eyes!
The jelly hits you.
* * * LOW HITPOINT WARNING * * *
You are splashed with acid!
The acid burns!
* * * LOW HITPOINT WARNING * * *
Casting: Confuse
Confirm with . or Enter, or press ? or * to list all spells.
Aiming: Confuse
Press: ? - help, Shift-Dir - straight line, f/p - jelly
Aim: a jelly (severely wounded, chance to defeat MR: 56%)
The jelly appears confused.
You are feeling hungry.
Casting: Confuse
Confirm with . or Enter, or press ? or * to list all spells.
Aiming: Confuse
Press: ? - help, Shift-Dir - straight line, f - orc warrior, p - jelly
Aim: an orc warrior, wielding a morningstar and wearing a chain mail (chance to defeat MR: 48%)
The orc warrior resists with some effort.
The orc shouts!
The orc warrior hits you with a morningstar!
You die...

..
.......'..............>. #
##########................
...# #...#######'###.. #..
##'## #.# ###
####.#######.##### #.#
.................# #.#
..................# ..#
...(.....J........# ###
#...((....@....._.#
#........o........#
#.................#
...................
.................###
......o..........#<#
.......o.........#.#
........o........).#
..................##


You could see an orc warrior, a jelly (confused) and 3 orcs.

Vanquished Creatures
  Pikel (D:4)
  Sigmund (D:5)
  Eustachio (D:5)
  A water moccasin (D:5)
  An ice beast (D:7)
  2 centaurs (D:5)
  2 ogres (D:5)
  Blork the orc (D:5)
  A bullfrog (D:6)
  A hound (D:5)
  2 orc wizards
  2 bullfrog skeletons
  4 orc priests
  4 iguanas
  A worker ant (D:7)
  A hound zombie (D:7)
  A worker ant zombie (D:7)
  7 adders
  3 gnolls (D:5)
  A howler monkey skeleton (D:7)
  2 oozes
  2 adder skeletons
  2 worms
  4 dart slugs
  3 leopard geckos
  14 orcs
  9 bats
  4 giant cockroaches
  3 hobgoblins
  4 jackals
  6 kobolds
  A quokka (D:5)
  A ball python (D:2)
  3 frilled lizards
  7 goblins
  10 rats
113 creatures vanquished.

Vanquished Creatures (others)
  An ogre (D:4)
  A crimson imp (D:4)
  A worker ant (D:4)
  A rat (D:2)
4 creatures vanquished.

Grand Total: 117 creatures vanquished

Notes
Turn   | Place    | Note
-------+----------+-------------------------------------------
     0 | D:1      | tidbits the High Elf Wanderer began the quest for the Orb.
     0 | D:1      | tidbits set off with: a +2 spear, a +0 ring mail, a potion of lignification, a bread ration
     0 | D:1      | Reached XP level 1. HP: 17/17 MP: 2/2
   149 | D:1      | Reached skill level 1 in Dodging
   230 | D:1      | Reached skill level 2 in Dodging
   230 | D:1      | Reached XP level 2. HP: 12/22 MP: 3/3
   361 | D:2      | Reached XP level 3. HP: 13/27 MP: 4/4
   401 | D:2      | Reached skill level 8 in Fighting
   401 | D:2      | Reached skill level 8 in Dodging
   401 | D:2      | Reached XP level 4. HP: 25/40 MP: 5/5
   645 | D:3      | Noticed tidbits's ghost (amateur HESk)
   815 | D:3      | Reached XP level 5. HP: 36/45 MP: 6/6
   824 | D:4      | Found a radiant altar of Vehumet.
   875 | D:3      | Reached skill level 4 in Armour
   997 | D:5      | Entered Level 5 of the Dungeon
  1022 | D:5      | Noticed Sigmund
  1503 | D:2      | Found a shimmering altar of Xom.
  1503 | D:2      | Found a snail-covered altar of Cheibriados.
  1507 | D:2      | Found a basalt altar of Yredelemnul.
  1515 | D:2      | Became a worshipper of Cheibriados the Contemplative
  1696 | D:4      | Reached skill level 1 in Long Blades
  1696 | D:4      | Reached XP level 6. HP: 37/51 MP: 7/7
  1782 | D:5      | Killed Sigmund
  1782 | D:5      | Reached skill level 3 in Long Blades
  1838 | D:4      | Noticed a slave
  1839 | D:4      | Noticed Pikel
  1839 | D:4      | Noticed a slave
  1847 | D:4      | Noticed a slave
  1858 | D:4      | Noticed a slave
  1870 | D:4      | Killed Pikel
  1870 | D:4      | Reached skill level 5 in Long Blades
  1870 | D:4      | Reached XP level 7. HP: 35/56 MP: 8/8
  2039 | D:4      | Found a deep blue altar of Sif Muna.
  2132 | D:6      | Found an opulent altar of Gozag.
  2151 | D:5      | Reached skill level 6 in Long Blades
  2170 | D:5      | Reached * piety under Cheibriados
  2170 | D:5      | Reached XP level 8. HP: 29/63 MP: 9/9
  2179 | D:5      | Found a staircase to the Ecumenical Temple.
  2253 | D:5      | Noticed Eustachio
  2321 | D:5      | Reached skill level 2 in Invocations
  2436 | D:5      | Reached skill level 3 in Invocations
  2444 | D:5      | Killed Eustachio
  2444 | D:5      | Reached skill level 4 in Invocations
  2456 | D:5      | Learned a level 3 spell: Confuse
  2491 | D:5      | Noticed Blork the orc
  2509 | D:5      | Killed Blork the orc
  2509 | D:5      | Reached skill level 1 in Hexes
  2576 | D:6      | Reached skill level 2 in Hexes
  2580 | D:6      | Found a burning altar of Makhleb.
  2848 | D:7      | Reached skill level 1 in Spellcasting
  3021 | D:7      | Found a shadowy altar of Dithmenos.
  3077 | D:7      | HP: 5/63 [ice beast (14)]
  3083 | D:7      | Reached skill level 2 in Spellcasting
  3083 | D:7      | Reached skill level 3 in Hexes
  3144 | D:7      | Reached XP level 9. HP: 16/67 MP: 8/13
  3313 | D:6      | Slain by an orc warrior

Skill      XL: |  1  2  3  4  5  6  7  8 |
---------------+-------------------------+-----
Dodging        | 2 8 |  8.4
Fighting       | 8 |  8.8
Armour         | 4 |  4.5
Long Blades    | 1 5 6 |  6.9
Invocations    | 4 |  4.2
Hexes          | 3 |  3.3
Spellcasting   | 2 |  2.3
Throwing       | |  1.0
Stealth        | |  1.1

Action                   |  1- 3 |  4- 6 |  7- 9 || total
-------------------------+-------+-------+-------++-------
Melee: Spear             |    49 |   235 |       ||   284
       Long sword        |       |    33 |   207 ||   240
Throw: Javelin           |       |     1 |    19 ||    20
       Throwing net      |       |     1 |       ||     1
       Stone             |       |       |     5 ||     5
 Cast: Confuse           |       |       |    14 ||    14
Invok: Bend Time         |       |       |     9 ||     9
Evoke: Wand              |       |    15 |       ||    15
  Use: Scroll            |     3 |     4 |     3 ||    10
       Potion            |     1 |     3 |     2 ||     6
 Stab: Confused          |       |       |     5 ||     5
  Eat: Fruit             |       |     3 |       ||     3
       Chunk             |       |     2 |     6 ||     8
Armor: Ring mail         |    16 |    85 |    33 ||   134
       Skin              |       |    24 |       ||    24
Dodge: Dodged            |    18 |   187 |   155 ||   360
       Rpst.: Long sword |       |     3 |    43 ||    46

Table legend:
 A = Turns spent in this place as a percentage of turns spent in the entire game.
 B = Non-inter-level travel turns spent in this place as a percentage of non-inter-level travel turns spent in the entire game.
 C = Inter-level travel turns spent in this place as a percentage of turns spent in this place.
 D = Turns resting spent in this place as a percentage of non-inter-level travel turns spent in this place.
 E = Turns spent auto-exploring this place as a percentage of non-inter-level travel turns spent in this place.
 F = Non-inter-level travel turns spent in this place divided by the number of levels of this place that you've seen.
                   A       B       C       D       E      F
               +-------+-------+-------+-------+-------+----------------------
         Total | 100.0 | 100.0 |   0.6 |   0.0 |   0.0 | 400.9
       Dungeon | 100.0 | 100.0 |   0.6 |   0.0 |   0.0 | 400.9
               +-------+-------+-------+-------+-------+----------------------

Table legend:
 A = Kills in this place as a percentage of kills in entire the game.
 B = Kills by you in this place as a percentage of kills by you in the entire game.
 C = Kills by friends in this place as a percentage of kills by friends in the entire game.
 D = Other kills in this place as a percentage of other kills in the entire game.
 E = Experience gained in this place as a percentage of experience gained in the entire game.
 F = Experience gained in this place divided by the number of levels of this place that you have seen.
                   A       B       C       D       E      F
               +-------+-------+-------+-------+-------+----------------------
         Total | 100.0 | 100.0 |  -nan |  -nan | 100.0 | 413.7
       Dungeon | 100.0 | 100.0 |  -nan |  -nan | 100.0 | 413.7
               +-------+-------+-------+-------+-------+----------------------

Vault maps used:
D:1:      dpeg_arrival_castle
D:2:      grunt_temple_overflow_open
D:3:      ecumenical_altar_1, minmay_shallow_snake_nest
D:4:      vehumet_altar_wand_db, lemuel_doored_altar, serial_bayou_pond_d,
          minmay_misc_feat_ornament, minmay_goblin_kobold_house, uniq_pikel
D:5:      temple_fountains, first_bread, serial_bayou_crossing, uniq_sigmund,
          uniq_eustachio, uniq_blork_the_orc
D:6:      overflow_temple_1_default, kennysheep_mini, nicolae_gozag_seed_capital
D:7:      lemuel_ice_spiral_2, kennysheep_mini_moat, grunt_ogre_cave,
          uniq_crazy_yiuf_cottage
